 Dungeon Crawl Stone Soup version 0.29.1-15-g9cfb28693d (webtiles) character file.

Game seed: 689318923210804757

71 booth the Grave Robber (level 4, 0/27 (30) HPs)
             Began as a Demonspawn Necromancer on Mar 3, 2023.
             Was a Believer of Dithmenos.
             Slain by a necrophage (5 damage)
             ... on level 3 of the Dungeon.
             The game lasted 00:17:43 (2402 turns).

booth the Grave Robber (Demonspawn Necromancer)     Turns: 2402, Time: 00:17:43

HP:   0/27 (30)     AC:  2    Str:  8    XL:     4   Next: 5%
MP:   7/7           EV: 12    Int: 19    God:    Dithmenos [**....]
Gold: 130           SH:  0    Dex: 13    Spells: 0/8 levels left

rFire   . . .      SeeInvis .   h - +2 dagger (venom)
rCold   . . .      Faith    .   (no shield)
rNeg    . . .      Spirit   .   a - +0 robe
rPois   .          Reflect  .   (helmet restricted)
rElec   .          Harm     .   (no cloak)
rCorr   .          Rampage  .   (no gloves)
Will    .....                   (no boots)
Stlth   ++........              (no amulet)
HPRegen 0.09/turn               (no ring)
MPRegen 0.10/turn               (no ring)

@: wreathed by umbra, heavily drained
A: antennae 1, demonic guardian 1
a: Renounce Religion, Shadow Step


You were on level 3 of the Dungeon.
You worshipped Dithmenos.
Dithmenos was pleased with you.
You visited 1 branch of the dungeon, and saw 3 of its levels.

You collected 130 gold pieces.

Inventory:

Hand Weapons
 c - a +0 dagger of freezing
 f - a +0 dagger of electrocution
 h - a +2 dagger of venom (weapon)
Armour
 a - a +0 robe (worn)
Scrolls
 e - a scroll of blinking
Potions
 b - a potion of magic
 d - a potion of berserk rage
 g - 2 potions of curing
 i - 2 potions of heal wounds


   Skills:
 + Level 2.4 Dodging
 + Level 2.5 Stealth
 + Level 2.6 Spellcasting
 + Level 4.9 Necromancy


You couldn't memorise any spells.
You knew the following spells:

 Your Spells              Type           Power      Damage    Failure   Level
a - Necrotise             Necr           84%        1d8       1%          1
b - Vampiric Draining     Necr           21%        2d7       6%          3
c - Animate Dead          Necr           21%        N/A       21%         4

Your spell library contained the following spells:

 Spells                   Type           Power      Damage    Failure   Level
 Agony                    Necr           21%        N/A       50%         5
 Petrify                  Tmut/Erth      2%         N/A       85%         4
 Metabolic Englaciation   Hex/Ice        1%         N/A       99%         5
 Statue Form              Tmut/Erth      1%         N/A       100%        6


Dungeon Overview and Level Annotations

Branches:
Dungeon (3/15)

Altars:
Dithmenos


Innate Abilities, Weirdness & Mutations

You have a pair of small antennae on your head.
A weak demonic guardian rushes to your aid.


Message History

You hit the necrophage but do no damage.
The necrophage is lightly damaged.
The necrophage barely misses you.
You hit the necrophage but do no damage.
The necrophage is lightly damaged.
The necrophage hits you.
You closely miss the necrophage.
The necrophage is lightly damaged.
The necrophage barely misses you.
You barely miss the necrophage.
The necrophage is lightly damaged.
The necrophage barely misses you.
You closely miss the necrophage.
The necrophage is lightly damaged.
The necrophage barely misses you.
Okay, then.
You closely miss the necrophage.
The necrophage is lightly damaged.
The necrophage hits you.
You hit the necrophage but do no damage.
The necrophage is lightly damaged.
The necrophage closely misses you.
You closely miss the necrophage.
The necrophage is lightly damaged.
The necrophage closely misses you. The necrophage closely misses you.
You barely miss the necrophage.
The necrophage is lightly damaged.
The necrophage hits you.
* * * LOW HITPOINT WARNING * * *
You feel drained.
You hit the necrophage.
The necrophage is lightly damaged.
The necrophage hits you.
* * * LOW HITPOINT WARNING * * *
A demonic guardian appears!
You feel drained.
You hit the necrophage.
The necrophage is lightly damaged.
The necrophage hits you.
You die...

####..##.#
##..##.# #...##.#
#. #..###.# #.
#..###.# ####.#
#......# #.....
#.###### ..... #.#
...(#### #@# #
#...#######n#
....#..........5#
#......^.#########
#....##### ####. #


You could see a necrophage (ally target) and a friendly shadow imp (summoned).

Vanquished Creatures
  3 adders
  2 dart slugs (D:1)
  An orc (D:3)
  3 endoplasms
  6 goblins
  3 hobgoblins
  A ball python (D:2)
  8 bats
  A frilled lizard (D:1)
  4 kobolds
  7 rats
39 creatures vanquished.

Vanquished Creatures (others)
  4 toadstools (D:1)
4 creatures vanquished.

Grand Total: 43 creatures vanquished

Notes
Turn   | Place    | Note
-------+----------+-------------------------------------------
     0 | D:1      | booth the Demonspawn Necromancer began the quest for the
                  | Orb.
     0 | D:1      | Reached XP level 1. HP: 13/13 MP: 3/3
   152 | D:1      | Found a faded altar of an unknown god.
   169 | D:1      | Prayed at the altar of an unknown god.
   169 | D:1      | Became a worshipper of Dithmenos the Shadowed
   169 | D:1      | Reached * piety under Dithmenos
   373 | D:1      | Gained mutation: A weak demonic guardian rushes to your
                  | aid. [demonic ancestry]
   373 | D:1      | Reached XP level 2. HP: 13/19 MP: 0/5
  1232 | D:2      | Gained mutation: You have a pair of small antennae on your
                  | head. [demonic ancestry]
  1232 | D:2      | Reached XP level 3. HP: 24/24 MP: 2/6
  1356 | D:2      | Reached ** piety under Dithmenos
  2137 | D:3      | Reached XP level 4. HP: 27/30 MP: 7/7
  2159 | D:3      | Learned a level 3 spell: Vampiric Draining
  2164 | D:3      | Learned a level 4 spell: Animate Dead
  2369 | D:3      | Noticed a necrophage
  2402 | D:3      | Slain by a necrophage

Illustrated notes

Levels and vault maps discovered:
D:1:      ldierk_walled_garden_2, layout_loops_ring,
          shapermc_ecumenical_altar_acropolis
D:2:      layout_loops_ring
D:3:      layout_loops_corners

Skill      XL: |  1 |
---------------+----+-----
Stealth        | 2 |  2.5
Dodging        | 2 |  2.4
Spellcasting   | |  2.6
Necromancy     | |  4.9

Action                   |  1- 3 |  4- 6 || total
-------------------------+-------+-------++-------
Melee: Dagger            |    45 |    19 ||    64
       Unarmed           |     1 |       ||     1
 Cast: Necrotise         |    35 |     2 ||    37
  Use: Scroll            |     6 |     2 ||     8
 Stab: Sleeping          |     3 |       ||     3
Armor: Robe              |    10 |     1 ||    11
Dodge: Dodged            |    31 |    12 ||    43
